 Dungeon Crawl Stone Soup version 0.29-a0-356-g7bc237e783 (webtiles) character file.

Game seed: 15824731615036215148

3141 bande the Fighter (level 9, -4/88 HPs)
             Began as a Gargoyle Fighter on Apr 27, 2022.
             Was a Priest of Okawaru.
             Slain by a nine-headed hydra (10 damage)
             ... on level 9 of the Dungeon.
             The game lasted 00:13:59 (10975 turns).

bande the Fighter (Gargoyle Fighter)               Turns: 10975, Time: 00:14:00

Health: -4/88      AC: 19    Str: 18    XL:     9   Next: 93%
Magic:  13/13      EV:  7    Int: 11    God:    Okawaru [***...]
Gold:   584        SH:  5    Dex: 13    Spells: 8/8 levels left

rFire   . . .      SeeInvis .   h - +0 flail
rCold   . . .      Faith    .   c - +0 buckler
rNeg    + . .      Spirit   .   A - +0 chain mail
rPois   ∞          Reflect  .   i - +1 helmet
rElec   +          Harm     .   (no cloak)
rCorr   .          Rampage  .   (no gloves)
Will    .....                   (no boots)
Stlth   ..........              (no amulet)
HPRegen 0.24/turn               (no ring)
MPRegen 0.13/turn               (no ring)

@: berserking, flying, very quick
A: sickness immunity, AC +6, negative energy resistance 1, electricity
resistance, torment resistance 1, petrification resistance, big wings, clever 1,
weak 1
a: Renounce Religion, Heroism


You were on level 9 of the Dungeon.
You worshipped Okawaru.
Okawaru was most pleased with you.
You visited 2 branches of the dungeon, and saw 10 of its levels.
You also visited: Sewer.

You collected 584 gold pieces.

Inventory:

Hand Weapons
 a - a +0 war axe of freezing
 h - a +0 flail (weapon)
Missiles
 j - 3 throwing nets (quivered)
Armour
 c - a +0 buckler (worn)
 i - a +1 helmet (worn)
 A - a +0 chain mail (worn)
Jewellery
 b - a +6 ring of intelligence
 u - an amulet of the acrobat
 v - a ring of fire
 C - a ring of fire
Wands
 s - a wand of polymorph (14)
 x - a wand of paralysis (11)
Scrolls
 e - 7 scrolls of identify
 k - a scroll of brand weapon
 m - a scroll of magic mapping
 n - 2 scrolls of silence
 r - a scroll of teleportation
 w - a scroll of fear
 y - a scroll of enchant armour
 z - 3 scrolls of holy word
 B - a scroll of fog
Potions
 d - 2 potions of might
 f - 2 potions of brilliance
 g - 5 potions of curing
 l - a potion of flight
 o - 2 potions of heal wounds
 p - a potion of magic
 q - 3 potions of haste
 t - a potion of cancellation


   Skills:
 + Level 8.1 Fighting
 + Level 6.7 Axes
 + Level 7.5 Armour
 + Level 6.4 Shields
 * Level 6.1 Invocations
 * Level 5.0 Evocations


You had 8 spell levels left.
You didn't know any spells.
Your spell library was empty.

Dungeon Overview and Level Annotations

Branches:
Dungeon (9/15)             Temple (1/1) D:4           Sewer (visited)
   Lair: D:8-11         Orc: D:9-12

Altars:
Okawaru
Trog
Uskayaw
Vehumet
Wu Jian
The Shining One

Shops:
D:3 :


Innate Abilities, Weirdness & Mutations

You are immune to sickness and miasma.
Your stone body is resilient. (AC +6)
You are immune to poison.
You resist negative energy. (rN+)
You are resistant to electric shocks. (rElec)
You are resistant to unholy torment.
You are immune to petrification.
Your large and strong wings let you fly.
Your mind is acute. (Int +2)
You are weak. (Str -2)


Message History

You freeze the nine-headed hydra.
The nine-headed hydra is moderately wounded.
The nine-headed hydra bites you.
The nine-headed hydra bites you but does no damage. x2
The nine-headed hydra bites you!
The nine-headed hydra barely misses you.
The nine-headed hydra completely misses you.
The nine-headed hydra bites you but does no damage. x2
The nine-headed hydra bites you.
You feel much better. The nine-headed hydra bites you! x3
* * * LOW HITPOINT WARNING * * *
The nine-headed hydra bites you.
* * * LOW HITPOINT WARNING * * *
The nine-headed hydra bites you but does no damage. x2
You block the nine-headed hydra's attack.
The nine-headed hydra bites you but does no damage. x2
Your +0 war axe of freezing stops glowing.
h - a +0 flail (weapon)
The nine-headed hydra bites you but does no damage. x5
You block the nine-headed hydra's attack.
The nine-headed hydra bites you but does no damage.
The nine-headed hydra barely misses you.
The nine-headed hydra bites you.
* * * LOW HITPOINT WARNING * * *
It was a potion of berserk rage.
A red film seems to cover your vision as you go berserk!
You feel yourself moving faster!
You feel mighty!
The nine-headed hydra bites you but does no damage. x3
The nine-headed hydra bites you.
* * * LOW HITPOINT WARNING * * *
The nine-headed hydra bites you but does no damage. x2
The nine-headed hydra barely misses you.
The nine-headed hydra completely misses you.
The nine-headed hydra bites you but does no damage.
You hit the nine-headed hydra.
The nine-headed hydra is moderately wounded.
The nine-headed hydra closely misses you.
The nine-headed hydra bites you but does no damage.
The nine-headed hydra bites you!
You die...

.............##
..##....##..
............##
#..##.......
...........##
#..##..##..
..........## #..##.##..
...........## #..##....
###+###.##..## #..##...
.......<.##..## #...#..
........#.##..##
##.####
##..#####..##@.#
##..#### #. #...##D.#
##....... .. #.#..##..#
##.#...... .
#.#...##...##.##..####
##......##.##.######.
...........###.........
####...#....#.#........
#...#...#.##........
.....................


You could see a nine-headed hydra.

Vanquished Creatures
  A steam dragon (D:7)
  The ghost of HendSelp the Covered, an amateur FoFi (D:5)
  3 ice beasts
  A black bear (D:6)
  An ogre (D:6)
  2 centaurs
  2 phantoms (D:6)
  3 scorpions
  2 bullfrogs
  A necrophage (D:7)
  7 wights
  12 killer bees (D:7)
  A howler monkey (D:4)
  3 orc priests
  2 hounds
  2 water moccasin simulacra (D:4)
  3 iguanas
  5 orc wizards
  A bullfrog simulacrum (D:4)
  A centaur simulacrum (D:4)
  10 gnolls
  2 river rats (Sewer)
  9 adders
  2 white imps (D:5)
  3 ufetubi
  A worm (D:3)
  2 dart slugs
  An adder simulacrum (D:4)
  21 orcs
  4 bats
  4 endoplasms
  7 giant cockroaches
  7 goblins
  8 hobgoblins
  3 jackals (D:3)
  2 quokkas
  13 ball pythons
  9 frilled lizards
  9 kobolds
  16 rats
187 creatures vanquished.

Notes
Turn   | Place    | Note
-------+----------+-------------------------------------------
     0 | D:1      | bande the Gargoyle Fighter began the quest for the Orb.
     0 | D:1      | Reached XP level 1. HP: 14/14 MP: 1/1
    76 | D:1      | Reached XP level 2. HP: 15/19 MP: 2/2
  1308 | D:1      | Reached XP level 3. HP: 24/24 MP: 3/3
  1490 | D:2      | Reached skill level 7 in Fighting
  1490 | D:2      | Reached skill level 5 in Armour
  1490 | D:2      | Reached skill level 5 in Shields
  1490 | D:2      | Reached XP level 4. HP: 34/34 MP: 3/7
  1721 | D:2      | Found a glowing golden altar of the Shining One.
  2104 | D:3      | Reached XP level 5. HP: 35/38 MP: 8/8
  2607 | D:3      | Found Afaenyih's Book Shoppe.
  2851 | D:4      | Reached XP level 6. HP: 38/44 MP: 9/9
  2925 | D:4      | Found a glowing drain.
  2942 | Sewer    | Entered a sewer
  3533 | D:4      | Found a staircase to the Ecumenical Temple.
  3642 | D:4      | Noticed an ice beast
  3653 | D:4      | Found a runed translucent gate.
  3653 | D:4      | Found a runed translucent gate.
  3653 | D:4      | Found a runed translucent gate.
  3880 | D:4      | Found an ornate altar of the Wu Jian Council.
  3896 | D:4      | Noticed HendSelp's ghost (amateur FoFi)
  3896 | D:4      | Noticed an ice beast
  4168 | Temple   | Entered the Ecumenical Temple
  4209 | Temple   | Became a worshipper of Warmaster Okawaru
  4303 | D:5      | Entered Level 5 of the Dungeon
  4324 | D:5      | Reached XP level 7. HP: 23/48 MP: 10/10
  4923 | D:5      | Killed HendSelp's ghost
  4923 | D:5      | Reached * piety under Okawaru
  4924 | D:5      | Reached skill level 5 in Axes
  5621 | D:4      | Reached XP level 8. HP: 10/53 MP: 11/11
  6425 | D:5      | Reached skill level 5 in Invocations
  7166 | D:6      | Reached ** piety under Okawaru
  7633 | D:6      | Reached XP level 9. HP: 47/59 MP: 13/13
  8273 | D:7      | HP: 2/59 [steam dragon (4)]
  8276 | D:7      | Reached skill level 8 in Fighting
  8926 | D:7      | Gained mutation: You are weak. (Str -2) [potion of
                  | mutation]
  8926 | D:7      | Gained mutation: Your mind is acute. (Int +2) [potion of
                  | mutation]
  8926 | D:7      | Gained mutation: Your large and strong wings let you fly.
                  | [potion of mutation]
  8931 | D:7      | You are sucked into a shaft and drop 1 floor!
  9250 | D:7      | Reached *** piety under Okawaru
 10091 | D:7      | Reached skill level 5 in Evocations
 10967 | D:9      | Noticed an eight-headed hydra
 10975 | D:9      | Slain by a nine-headed hydra

Illustrated notes

Levels and vault maps discovered:
D:1:      amcnicky_arrival_single_pillar, layout_loops_corners,
          minmay_tetromino_o4
D:2:      layout_rooms, basic_altar, minmay_quantized
D:3:      layout_basic, serial_shops, nicolae_shop_waterfront, st_stairs_4
D:4:      layout_loops_ring, lemuel_coloured_pillars_altar, temple_green,
          gammafunk_ghost_icy, nicolae_ossuary_entry_plus,
          gup_sewer_entry_glass, amethyst_killhole, minmay_misc_feat_x
D:5:      layout_rooms, serial_curves, eino_curves_01, eino_curves_04
D:6:      layout_basic
D:7:      layout_basic
D:8:      layout_cave_pools
D:9:      layout_stronghold, gammafunk_temple_overflow_claw,
          dreamdust_princess_corridor, minmay_diamond_spiral
Temple:   dpeg_five_rooms_temple

Skill      XL: |  1  2  3  4  5  6  7  8  9 |
---------------+----------------------------+-----
Axes           | 2 4 5 6 |  6.7
Fighting       | 7 8 |  8.1
Armour         | 5 6 7 |  7.5
Shields        | 5 6 |  6.4
Invocations    | 4 5 6 |  6.1
Evocations     | 3 4 5 |  5.0

Action                   |  1- 3 |  4- 6 |  7- 9 || total
-------------------------+-------+-------+-------++-------
Melee: War axe           |    67 |   195 |   344 ||   606
       Flail             |       |       |     1 ||     1
  Use: Scroll            |     1 |     7 |    15 ||    23
       Potion            |     1 |       |     6 ||     7
Armor: Scale mail        |    42 |   104 |   148 ||   294
       Chain mail        |       |       |   184 ||   184
Dodge: Dodged            |    39 |    96 |   201 ||   336
Block: Buckler           |    23 |    49 |   142 ||   214

Table legend: (Time is in decaauts)
 A = Elapsed time spent in this place.
 B = Non-inter-level travel time spent in this place.
 C = Inter-level travel time spent in this place.
 D = Time resting spent in this place.
 E = Time spent auto-exploring this place.
 F = Levels seen in this place.
 G = Mean time per level.
                   A        B        C        D        E       F      G
               +--------+--------+--------+--------+--------+-----+--------+
         Total |  11206 |  11028 |    178 |   3888 |   5268 |  11 | 1018.7 |
       Dungeon |  10606 |  10458 |    148 |   3888 |   4880 |   9 | 1178.4 |
        Temple |     72 |     42 |     30 |      0 |     34 |   1 |   72.0 |
         Sewer |    527 |    527 |      0 |      0 |    354 |   1 |  527.0 |
               +--------+--------+--------+--------+--------+-----+--------+

Top non-repeatable levels by time:
     D:5: 2562 daAuts
     D:7: 2074 daAuts
     D:1: 1479 daAuts
     D:6: 1264 daAuts
     D:4: 1173 daAuts
     D:3: 691 daAuts
     D:8: 649 daAuts
     D:2: 643 daAuts
   Sewer: 527 daAuts
  Temple: 72 daAuts
     D:9: 69 daAuts
